 Dungeon Crawl Stone Soup version 0.30-a0-39-g42789b21ef (webtiles) character file.

Game seed: 7402424507382124639

79 dracfodder the Magician (level 4, -3/31 HPs)
             Began as a Djinni Conjurer on Aug 28, 2022.
             Slain by Edmund
             ... wielding a +1 vorpal flail
              (4 damage)
             ... on level 4 of the Dungeon.
             The game lasted 00:12:12 (2464 turns).

dracfodder the Magician (Djinni Conjurer)           Turns: 2464, Time: 00:12:13

Health: -3/31      AC: 10    Str:  6    XL:     4   Next: 64%
Gold:   96         EV: 12    Int: 21    God:
                   SH:  4    Dex: 18

rFire   + + .      SeeInvis .    c - +2 dagger (protect)
rCold   x . .      Faith    .    i - +0 buckler
rNeg    . . .      Spirit   .    a - +0 robe
rPois   ∞          Reflect  .    l - +0 helmet
rElec   .          Harm     .    (no cloak)
rCorr   .          Rampage  .    (no gloves)
Will    .....      Clarity  +    (boots unavailable)
Stlth   ++........ Rnd*Tele +    (no amulet)
HPRegen 0.10/turn                d - +6 ring of dexterity
MPRegen 0.00/turn                (no ring)

@: under a protective aura, attractive, flying
A: sickness immunity, fire resistance 2, cold vulnerability 1, float, innate
caster, HP casting, extra vitality 1, clarity, teleportitis 1
a: no special abilities


You were on level 4 of the Dungeon.
You visited 1 branch of the dungeon, and saw 4 of its levels.

You collected 96 gold pieces.

Inventory:

Hand Weapons
 c - a +2 dagger of protection (weapon)
Missiles
 b - 14 stones
Armour
 a - a +0 robe (worn)
 i - a +0 buckler (worn)
 l - a +0 helmet (worn)
Jewellery
 d - a +6 ring of dexterity (left hand)
Scrolls
 e - a scroll of immolation {unknown}
 f - 3 scrolls of magic mapping
 h - a scroll of enchant armour {unknown}
 j - a scroll of enchant weapon {unknown}
 n - 2 scrolls of identify
Potions
 g - a potion of curing
 m - a potion of flight {unknown}


   Skills:
 + Level 2.2 Dodging
 + Level 1.7 Stealth
 + Level 4.4 Spellcasting


You couldn't memorise any spells.
You knew the following spells:

 Your Spells              Type           Power      Damage    Failure   Level
a - Magic Dart            Conj           92%        1d7       2%          1
b - Searing Ray           Conj           46%        2d6       3%          2
c - Dazzling Flash        Conj/Hex       46%        N/A       8%          3
d - Fulminant Prism       Conj/Hex       11%        3d9       24%         4
e - Iskenderun's Mystic   Conj/Tloc      23%        2d6       24%         4
f - Beastly Appendage     Tmut           46%        N/A       2%          1
Your spell library was empty.

Dungeon Overview and Level Annotations

Branches:
Dungeon (4/15)
 Temple: D:4-7

Altars:

Annotations:
D:4 Edmund


Innate Abilities, Weirdness & Mutations

You are immune to sickness and miasma.
You are immune to poison.
Your flesh is very heat resistant. (rF++)
You are vulnerable to cold. (rC-)
You float through the air rather than walking.
You learn spells naturally, not from books.
Your magical power is your life essence.
You have superior vitality. (+4 MHP)
You possess an exceptional clarity of mind.
You are occasionally teleported next to monsters.


Message History

Nothing appears to happen.
Something hits you.
You closely miss something. Something hits you.
* * * LOW HITPOINT WARNING * * *
It was a potion of attraction.
You feel attractive to monsters.
You feel strangely unstable.
You are yanked towards some nearby monsters!
Your surroundings suddenly seem different.
A worm and an orc come into view.
Found a ring mail, a robe and 10 gold pieces.
Found a stone staircase leading down.
An orc wizard comes into view. It is wielding a +0 dagger.
The orc is attracted toward you. The worm is attracted toward you.
The orc is attracted toward you. The orc wizard is attracted toward you.
The orc is attracted toward you. The worm is attracted toward you.
The orc wizard is attracted toward you. The orc is attracted toward you.
The worm is attracted toward you. The orc is attracted toward you. x2
The orc wizard is attracted toward you. The worm is attracted toward you.
The orc is attracted toward you. The orc wizard is attracted toward you.
There is a stone staircase leading down here.
The orc wizard shouts!
The orc shouts! x2; You hear a shout!
The worm bites you but does no damage. The orc wizard closely misses you.
The orc hits you with a +0 flail.
* * * LOW HITPOINT WARNING * * *
You fly downwards.
Reactivating autopickup.
Your magical contamination has completely faded away.
Found 4 boomerangs and a scroll of identify.
There is a stone staircase leading up here.
The helpless Edmund fails to defend himself.
You puncture Edmund!
Your weapon exudes an aura of protection.
Edmund is moderately wounded.
Edmund hits you but does no damage. The worm bites you.
* * * LOW HITPOINT WARNING * * *
You barely miss Edmund.
Edmund is moderately wounded.
Edmund hits you with a +1 vorpal flail.
You die... ## ?. #.######... #.@@w..(... ########...

You could see Edmund and a worm.

Vanquished Creatures
  2 adders
  A gnoll (D:1)
  3 dart slugs
  An orc (D:3)
  8 endoplasms
  A giant cockroach (D:1)
  5 hobgoblins
  A jackal (D:2)
  3 quokkas (D:1)
  5 ball pythons
  2 bats
  2 frilled lizards (D:2)
  3 goblins
  2 kobolds
  4 rats
43 creatures vanquished.

Notes
Turn   | Place    | Note
-------+----------+-------------------------------------------
     0 | D:1      | dracfodder the Djinni Conjurer began the quest for the Orb.
     0 | D:1      | dracfodder set off with the following spells memorised:
                  | Magic Dart, Searing Ray, Dazzling Flash, Fulminant Prism,
                  | Iskenderun's Mystic Blast.
     0 | D:1      | Reached XP level 1. HP: 15/15 MP: 0/0
   469 | D:1      | Reached XP level 2. HP: 18/21 MP: 0/0
  1182 | D:1      | Reached XP level 3. HP: 21/25 MP: 0/0
  1182 | D:1      | Learned a level 1 spell: Beastly Appendage
  1236 | D:1      | Gained mutation: You are occasionally teleported next to
                  | monsters. [potion of mutation]
  1236 | D:1      | Gained mutation: You possess an exceptional clarity of
                  | mind. [potion of mutation]
  1271 | D:1      | Reached skill level 4 in Spellcasting
  1620 | D:2      | Found a faded altar of an unknown god.
  1868 | D:2      | Reached XP level 4. HP: 29/31 MP: 0/0
  2462 | D:4      | Noticed Edmund
  2463 | D:4      | HP: 1/31 [worm (2)]
  2464 | D:4      | Slain by Edmund

Illustrated notes

Levels and vault maps discovered:
D:1:      ncdulo_halloftheorcs, layout_basic
D:2:      minmay_alternating_diamond, layout_basic,
          nicolae_ecumenical_lake_church
D:3:      layout_rooms, serial_bayou_crossing
D:4:      layout_rooms, uniq_edmund

Skill      XL: |  1  2  3 |
---------------+----------+-----
Spellcasting   | 4 |  4.4
Dodging        | |  2.2
Stealth        | |  1.7

Action                   |  1- 3 |  4- 6 || total
-------------------------+-------+-------++-------
Melee: Dagger            |     5 |     7 ||    12
Throw: Stone             |     3 |       ||     3
 Cast: Magic Dart        |    34 |    19 ||    53
       Searing Ray       |     9 |     5 ||    14
  Use: Scroll            |     3 |       ||     3
       Potion            |     1 |     2 ||     3
 Stab: Sleeping          |       |     1 ||     1
Armor: Robe              |       |     7 ||     7
Dodge: Dodged            |     3 |     2 ||     5
Block: Buckler           |       |     1 ||     1

Table legend: (Time is in decaauts)
 A = Elapsed time spent in this place.
 B = Non-inter-level travel time spent in this place.
 C = Inter-level travel time spent in this place.
 D = Time resting spent in this place.
 E = Time spent auto-exploring this place.
 F = Levels seen in this place.
 G = Mean time per level.
                   A        B        C        D        E       F      G
               +--------+--------+--------+--------+--------+-----+--------+
         Total |   2462 |   2445 |     17 |    587 |   1565 |   4 |  615.5 |
       Dungeon |   2462 |   2445 |     17 |    587 |   1565 |   4 |  615.5 |
               +--------+--------+--------+--------+--------+-----+--------+

Top non-repeatable levels by time:
     D:1: 1517 daAuts
     D:2: 830 daAuts
     D:3: 113 daAuts
     D:4: 1 daAuts
